 Dungeon Crawl Stone Soup version 0.18.1-48-g4cf74bf (webtiles) character file.

6542 Alarkh the Spear-Bearer (level 10, -3/67 HPs)
             Began as a Mummy Skald on July 17, 2016.
             Was an Initiate of Gozag.
             Slain by a yak (9 damage)
             ... on level 1 of the Lair of Beasts.
             The game lasted 00:20:04 (12199 turns).

Alarkh the Spear-Bearer (Mummy Skald)              Turns: 12199, Time: 00:20:06

Health: -3/67      AC:  7    Str: 12    XL:     10   Next: 70%
Magic:  14/19      EV: 11    Int: 14    God:    Gozag
Gold:   1695       SH:  3    Dex: 20    Spells: 3 memorised, 15 levels left

rFire  + . .     SeeInvis .     a - +1 halberd
rCold  + . .     Gourm    .     C - +0 leather armour "Lotoch" {rElec rF++ Str-4 Dex+2} (curse)
rNeg   + + +     Faith    .     (shield currently unavailable)
rPois  ∞         Spirit   .     g - +0 helmet
rElec  +         Dismiss  .     m - +0 cloak
rCorr  .         Reflect  +     D - +0 pair of gloves (curse)
SustAt .         Harm     .     r - +0 pair of boots
MR     +....                    j - +3 amulet of reflection
Stlth  ++........               (no ring)
                                q - +6 ring of dexterity

@: about to teleport, infused (expiring), gold aura, somewhat resistant to
hostile enchantments, unstealthy
A: no food or potions, fire vulnerability, cold resistance 1, negative energy
resistance 3, torment resistance, unbreathing
a: Potion Petition, Call Merchant, Bribe Branch, Renounce Religion


You were on level 1 of the Lair of Beasts.
You worshipped Gozag.
Gozag was noncommittal.
You were not hungry.

You visited 3 branches of the dungeon, and saw 12 of its levels.

You collected 1695 gold pieces.

Inventory:

Hand Weapons
 a - a +1 halberd (weapon)
 l - a +0 spear
 u - a +0 halberd
Missiles
 n - 3 throwing nets (quivered)
Armour
 b - a +0 leather armour
 g - a +0 helmet (worn)
 m - a +0 cloak (worn)
 r - a +0 pair of boots (worn)
 C - the cursed +0 leather armour "Lotoch" (worn) {rElec rF++ Str-4 Dex+2}
   (You found it on level 1 of the Lair of Beasts)

   It affects your strength (-4).
   It affects your dexterity (+2).
   It greatly protects you from fire.
   It insulates you from electricity.
   It has a curse placed upon it.
 D - a cursed +0 pair of gloves (worn)
Jewellery
 j - a +3 amulet of reflection (around neck)
 q - a +6 ring of dexterity (left hand)
 s - an uncursed ring of teleportation
Wands
 B - a wand of lightning (10/15)
Scrolls
 d - 3 scrolls of magic mapping
 e - 2 scrolls of enchant weapon
 f - 3 scrolls of amnesia
 h - a scroll of immolation
 i - a scroll of noise
 k - 4 scrolls of random uselessness
 o - 2 scrolls of remove curse
 v - a scroll of blinking
 y - a scroll of enchant armour {unknown}
 E - a scroll of vulnerability
Books
 c - a book of Battle

   Spells                             Type                      Level
   a - Infusion                       Charms                       1
   b - Shroud of Golubria             Charms/Translocation         2
   c - Song of Slaying                Charms                       2
   d - Spectral Weapon                Hexes/Charms                 3
   e - Regeneration                   Charms/Necromancy            3
 t - a book of Annihilations

   Spells                             Type                      Level
   a - Poison Arrow                   Conjuration/Poison           6
   b - Chain Lightning                Conjuration/Air              8
   c - Lehudib's Crystal Spear        Conjuration/Earth            8
   d - Glaciate                       Conjuration/Ice              9
   e - Fire Storm                     Conjuration/Fire             9
 w - a book of Burglary

   Spells                             Type                      Level
   a - Swiftness                      Charms/Air                   2
   b - Passwall                       Transmutation/Earth          2
   c - Passage of Golubria            Translocation                4
   d - Lee's Rapid Deconstruction     Earth                        5
   e - Darkness                       Hexes                        6
   f - Invisibility                   Hexes                        6
 z - the Reference Book on the Ghastly Blaze
   (You found it on level 9 of the Dungeon)

   Spells                             Type                      Level
   a - Flame Tongue                   Conjuration/Fire             1
   b - Pain                           Necromancy                   1
   c - Fireball                       Conjuration/Fire             5
   d - Death Channel                  Necromancy                   6
   e - Ring of Flames                 Charms/Fire                  7
 A - a book of Callings

   Spells                             Type                      Level
   a - Summon Small Mammal            Summoning                    1
   b - Call Imp                       Summoning                    2
   c - Call Canine Familiar           Summoning                    3
   d - Summon Guardian Golem          Hexes/Summoning              3
   e - Summon Lightning Spire         Summoning/Air                4
   f - Summon Ice Beast               Ice/Summoning                4
Miscellaneous
 x - a crystal ball of energy


   Skills:
 - Level 2.0 Fighting
 * Level 11.4 Polearms
 - Level 0.7 Armour
 - Level 0.7 Dodging
 - Level 6.0 Spellcasting
 - Level 6.0 Charms


You had 15 spell levels left.
You knew the following spells:

 Your Spells              Type           Power        Failure   Level  Hunger
a - Infusion              Chrm           ###.         1%          1    N/A
b - Shroud of Golubria    Chrm/Tloc      ##........   10%         2    N/A
c - Spectral Weapon       Hex/Chrm       ##......     17%         3    N/A

Dungeon Overview and Level Annotations

Branches:
Dungeon (10/15)            Temple (1/1) D:4            Lair (1/8) D:10
    Orc: D:9-12

Altars:
Ashenzari
Cheibriados
Dithmenos
Elyvilon
Fedhas
Gozag
Kikubaaqudgha
Makhleb
Nemelex Xobeh
Okawaru
Pakellas
Qazlal
Ru
Sif Muna
Trog
Vehumet
Xom
Yredelemnul
Zin
The Shining One

Shops:
D:4 %

Annotations:
D:5 Pikel; urioxis's ghost, novice MiBe


Innate Abilities, Weirdness & Mutations

You do not eat or drink.
Your flesh is vulnerable to fire.
You are immune to poison.
Your flesh is cold resistant.
You are immune to negative energy.
You are immune to unholy pain and torment.
You can survive without breathing.


Message History

Your spectral weapon shares its damage with you!
Your spectral weapon fades away.
* * * LOW HITPOINT WARNING * * *
The yak is distracted by your gold.
Your magical contamination has completely faded away.
The yak is no longer distracted by gold.
A hippogriff comes into view.
The hippogriff moves out of view.
The hippogriff screeches!
Read which item? (? for menu, Esc to quit)
As you read the scroll of teleportation, it crumbles to dust.
You feel strangely unstable.
Your magical infusion is running out.
The hippogriff bites you.
* * * LOW HITPOINT WARNING * * *
The hippogriff pecks you.
* * * LOW HITPOINT WARNING * * *
The hippogriff closely misses you. The yak gores you!
You die...
Your body crumbles into a pile of gold.

##.##.#...##### #................
#.............# ####...........#.
P.............# ##..##.#######
#...#.........# #.#####
#YY##.........# ### #.#####
#.$##.........###.###..#P.######
#..#P........................%.#
#............Y.Y.H.............##
P...............@................
#..P.###...............#.####...#
#...## #................## #(..#
#..## #................## #....
#..P####..........(....# ##...#
#......................# ###....#
#......................###.##....
#................................
#.....YY..#.#....................


You could see 2 yaks and a hippogriff.

Vanquished Creatures
  A spiny frog (Lair:1)
  A slime creature (D:10)
  A basilisk (Lair:1)
  7 yaks (Lair:1)
  3 hippogriffs
  A water moccasin (D:8)
  Duvessa (D:7)
  2 porcupines (Lair:1)
  2 black bears
  2 orc warriors (D:9)
  2 ice beasts (D:8)
  3 sky beasts
  3 slaves
  2 phantoms
  A wasp (D:9)
  3 ogres
  4 centaurs
  2 crocodiles (Lair:1)
  10 giant frogs
  A wyvern skeleton (D:8)
  2 scorpions
  Dowan (D:7)
  5 wights (D:6)
  4 howler monkeys
  2 crimson imps
  A quasit (D:8)
  A hound (D:8)
  A giant frog zombie (D:6)
  A gnoll shaman (D:3)
  4 jellies
  3 orc wizards
  4 orc priests
  2 centaur skeletons
  A giant frog skeleton (D:6)
  An iguana (D:9)
  5 worker ants
  5 gnolls
  10 adders
  A howler monkey skeleton (D:9)
  9 river rats (Lair:1)
  5 shadow imps
  An ooze (D:3)
  An adder skeleton (D:8)
  A worm (D:3)
  2 dart slugs
  3 giant geckos
  21 orcs
  10 bats
  6 giant cockroaches
  7 goblins
  8 hobgoblins
  9 jackals
  8 kobolds
  8 quokkas
  6 giant newts
  A jackal skeleton (D:7)
  2 jackal zombies
  A quokka zombie (D:5)
  3 rats
218 creatures vanquished.

Vanquished Creatures (others)
  A kobold (D:3)
  6 spectral weapons
7 creatures vanquished.

Grand Total: 225 creatures vanquished

Notes
Turn   | Place    | Note
--------------------------------------------------------------
     0 | D:1      | Alarkh the Mummy Skald began the quest for the Orb.
     0 | D:1      | Reached XP level 1. HP: 16/16 MP: 3/3
   241 | D:1      | Reached skill level 2 in Polearms
   358 | D:1      | Reached XP level 2. HP: 19/22 MP: 0/5
   801 | D:2      | Reached XP level 3. HP: 23/27 MP: 2/6
   848 | D:2      | Reached skill level 3 in Polearms
  1012 | D:2      | Found a bloodstained altar of Trog.
  1379 | D:3      | Reached XP level 4. HP: 33/33 MP: 7/7
  1462 | D:3      | Found a basalt altar of Yredelemnul.
  1558 | D:3      | Learned a level 2 spell: Shroud of Golubria
  1562 | D:3      | Learned a level 3 spell: Spectral Weapon
  1615 | D:3      | Found a faded altar to an unknown god.
  1626 | D:3      | Became a worshipper of Gozag Ym Sagoz the Greedy
  1876 | D:4      | Found a staircase to the Ecumenical Temple.
  1898 | Temple   | Entered the Ecumenical Temple
  2074 | D:4      | Reached skill level 4 in Polearms
  2155 | D:4      | Found Voji's Food Boutique.
  2190 | D:4      | Found an ancient bone altar of Kikubaaqudgha.
  2191 | D:4      | Found a blossoming altar of Fedhas.
  2192 | D:4      | Found a glowing golden altar of the Shining One.
  2251 | D:4      | Found a sacrificial altar of Ru.
  2258 | D:4      | Reached XP level 5. HP: 32/38 MP: 1/8
  2485 | D:4      | Noticed an orc warrior
  2620 | D:5      | Entered Level 5 of the Dungeon
  2620 | D:5      | Noticed Pikel
  2620 | D:5      | Noticed a slave
  2620 | D:5      | Noticed a slave
  2620 | D:5      | Noticed a slave
  2622 | D:5      | Noticed a slave
  2627 | D:6      | Found a shattered altar of Ashenzari.
  2640 | D:6      | Reached skill level 5 in Polearms
  3113 | D:6      | Reached XP level 6. HP: 18/44 MP: 1/9
  3710 | D:5      | Killed a slave
  3870 | D:5      | Noticed urioxis's ghost (novice MiBe)
  4372 | D:4      | Reached skill level 6 in Polearms
  4639 | D:4      | Found an oddly glowing altar of Pakellas.
  4723 | D:3      | Reached XP level 7. HP: 24/50 MP: 0/10
  6481 | D:6      | HP: 2/50 [wight/enchanted short sword (3)]
  6955 | D:5      | Reached skill level 7 in Polearms
  7035 | D:6      | Reached XP level 8. HP: 46/56 MP: 9/13
  8115 | D:7      | Noticed Dowan
  8124 | D:7      | Noticed Duvessa
  8127 | D:7      | Killed Dowan
  8132 | D:7      | Killed Duvessa
  8361 | D:8      | Reached skill level 8 in Polearms
  8515 | D:8      | Reached XP level 9. HP: 49/61 MP: 8/16
  8696 | D:8      | Reached skill level 5 in Spellcasting
  8981 | D:8      | Found a deep blue altar of Sif Muna.
  8982 | D:8      | Found a shimmering altar of Xom.
  9080 | D:8      | Reached skill level 5 in Charms
  9106 | D:8      | Reached skill level 9 in Polearms
 10055 | D:9      | Identified the Reference Book on the Ghastly Blaze
 10312 | D:9      | Reached XP level 10. HP: 49/67 MP: 16/19
 10676 | D:10     | Entered Level 10 of the Dungeon
 10676 | D:10     | Found a staircase to the Lair.
 10693 | D:10     | Reached skill level 10 in Polearms
 10701 | Lair:1   | Entered Level 1 of the Lair of Beasts
 10721 | Lair:1   | Got a jewelled leather armour
 10745 | Lair:1   | Identified the cursed +0 leather armour "Lotoch" {rElec rF++ Str-4 Dex+2} (You found it on level 1 of the Lair of Beasts)
 11637 | Lair:1   | Noticed a spiny frog
 11646 | Lair:1   | Killed a spiny frog
 11650 | Lair:1   | Reached skill level 11 in Polearms
 12199 | Lair:1   | Slain by a yak

Skill      XL: |  1  2  3  4  5  6  7  8  9 10 |
---------------+-------------------------------+-----
Polearms       | 2 3 4 5 6 7 8 9 11 | 11.4
Charms         | 3 4 5 6 |  6.0
Spellcasting   | 3 4 6 |  6.0
Fighting       | |  2.0
Armour         | |  0.7
Dodging        | |  0.7

Action                   |  1- 3 |  4- 6 |  7- 9 | 10-12 || total
-------------------------+-------+-------+-------+-------++-------
Melee: Spear             |   172 |   257 |    29 |       ||   458
       Halberd           |       |       |   322 |   119 ||   441
 Cast: Infusion          |    16 |    15 |    11 |     2 ||    44
       Spectral Weapon   |       |    12 |    33 |    15 ||    60
       Shroud of Golubri |       |     5 |    15 |     4 ||    24
  Use: Scroll            |       |     6 |     2 |     5 ||    13
 Stab: Distracted        |       |     3 |     2 |     1 ||     6
       Invisible         |       |     1 |       |       ||     1
       Sleeping          |       |       |       |     1 ||     1
Armor: Leather armour    |    55 |    65 |    80 |    16 ||   216
Dodge: Dodged            |   105 |   116 |   201 |    35 ||   457
Block: Other             |    15 |    29 |    27 |     9 ||    80
       Reflection        |     2 |     1 |     2 |       ||     5
